 Dungeon Crawl Stone Soup version 0.31.0-1-g2c135a0 (webtiles) character file.

Game seed: 15724421889910535871

64 mratface the Chopper (level 4, -3/40 HPs)
             Began as a Hill Orc Monk on Feb 13, 2024.
             Slain by a cerulean imp
             ... wielding a +0 spear
             ... summoned by Natasha
              (5 damage)
             ... on level 2 of the Dungeon.
             The game lasted 00:04:26 (1222 turns).

mratface the Chopper (Hill Orc Monk)                Turns: 1222, Time: 00:04:28

Health: -3/40      AC:  2    Str: 15    XL:     4   Next: 12%
Magic:  4/4        EV: 12    Int: 10    God:
Gold:   113        SH:  0    Dex: 13    Spells: 3/3 levels left

rFire   . . .        a - +0 hand axe
rCold   + . .        d - orb {light}
rNeg    . . .        b - +0 robe
rPois   .            (no helmet)
rElec   .            (no cloak)
rCorr   .            (no gloves)
SInv    .            (no boots)
Will    .....        (no amulet)
Stlth   +            i - ring of protection from cold
HPRegen 0.26/turn    (no ring)
MPRegen 0.09/turn

%: no passive effects
@: slowed, glowing, very slow
A: no striking features
a: no special abilities


You were on level 2 of the Dungeon.
You visited 1 branch of the dungeon, and saw 2 of its levels.

You collected 113 gold pieces.

Inventory:

Hand Weapons
 a - a +0 hand axe (weapon)
Armour
 b - a +0 robe (worn)
 d - an orb of light (worn)
Jewellery
 i - a ring of protection from cold (left hand)
Talismans
 g - a serpent talisman
Scrolls
 e - 2 scrolls of summoning {unknown}
 j - a scroll of identify {unknown}
 k - 2 scrolls of acquirement {unknown}
 l - a scroll of enchant armour {unknown}
 m - a scroll of teleportation {unknown}
 p - a scroll of fear {unknown}
 q - a scroll of blinking {unknown}
Potions
 c - a potion of ambrosia
 f - 2 potions of invisibility {unknown}
 h - a potion of resistance {unknown}
 n - 2 potions of cancellation {unknown}
 o - a potion of mutation {unknown}


   Skills:
 + Level 4.1 Fighting
 + Level 4.9 Axes
 * Level 1.6 Armour
 + Level 2.9 Dodging


You had 3 spell levels left.
You didn't know any spells.
Your spell library contained the following spells:

 Spells                   Type           Power      Damage    Failure   Level
 Mercury Vapours          Alch/Air       0%         N/A       50%         2
 Mephitic Cloud           Conj/Alch/Air  0%         N/A       75%         3
 Stone Arrow              Conj/Erth      0%         3d7       75%         3
 Animate Armour           Summ/Erth      0%         N/A       98%         4
 Freezing Cloud           Conj/Ice/Air   0%         6-21      100%        5
 Lehudib's Crystal Spear  Conj/Erth      0%         10d2      100%        8


Dungeon Overview and Level Annotations

Branches:
Dungeon (2/15)

Altars:
The Shining One

Annotations:
D:2 Natasha


Message History

You feel yourself slow down.
You hit the kobold.
The kobold is heavily wounded.
The kobold hits you with a +0 short sword.
Natasha casts a spell.
The kobold completely misses you.
You hit the kobold.
The kobold is severely wounded.
The kobold hits you with a +0 short sword. x2
You hit the kobold.
You kill the kobold!
Natasha casts a spell.
You hit Natasha but do no damage. Natasha claws you!
The cerulean imp hits you from afar with a +1 spear.
The cerulean imp closely misses you. Natasha misses you.
You hit Natasha.
Natasha is heavily wounded.
The cerulean imp barely misses you. The cerulean imp closely misses you.
Natasha claws you!
The cerulean imp hits you from afar with a +1 spear.
You hit Natasha.
Natasha is severely wounded.
The cerulean imp closely misses you. Natasha claws you but does no damage.
The cerulean imp hits you from afar with a +1 spear.
The cerulean imp barely misses you. Natasha closely misses you.
You barely miss Natasha.
Natasha is severely wounded.
The cerulean imp hits you from afar with a +1 spear.
The cerulean imp closely misses you. Natasha claws you!
* * * LOW HITPOINT WARNING * * *
The cerulean imp hits you from afar with a +1 spear.
* * * LOW HITPOINT WARNING * * *
You hit Natasha but do no damage.
Natasha is severely wounded.
The cerulean imp closely misses you. Natasha claws you.
* * * LOW HITPOINT WARNING * * *
The cerulean imp hits you from afar with a +1 spear.
* * * LOW HITPOINT WARNING * * *
The cerulean imp hits you from afar with a +0 spear.
You die...

#.# #.# #.# ##
#.#########
##.########..........
#.........#..#.###...
##...####....#.# #..#
#.....# #.....># #..#
#...@.# ##...### #.).
#.._h.# ##..#####...
#...55..# #..........
#........#
#.#######.#
#.##.###.# #+# #.#
... .. .# #.. .# #.#
## #.# #. #.# ###..


You could see Natasha and 2 cerulean imps.

Vanquished Creatures
  Jessica (D:2)
  An adder (D:2)
  5 bats
  4 endoplasms
  2 goblins (D:1)
  4 hobgoblins
  3 kobolds
  3 quokkas (D:1)
  A frilled lizard (D:2)
  A rat (D:1)
25 creatures vanquished.

Notes
Turn   | Place    | Note
-------+----------+-------------------------------------------
     0 | D:1      | mratface the Hill Orc Monk began the quest for the Orb.
     0 | D:1      | Reached XP level 1. HP: 19/19 MP: 1/1
   190 | D:1      | Found a faded altar of an unknown god.
   253 | D:1      | Reached XP level 2. HP: 24/27 MP: 2/2
   453 | D:1      | Reached skill level 1 in Armour
   783 | D:2      | Reached XP level 3. HP: 27/33 MP: 3/3
   871 | D:2      | Noticed Jessica
   883 | D:2      | Killed Jessica
   884 | D:2      | Reached XP level 4. HP: 4/40 MP: 4/4
  1211 | D:2      | Found a glowing golden altar of the Shining One.
  1213 | D:2      | Noticed Natasha
  1222 | D:2      | HP: 2/40 [cerulean imp/+1 spear[Natasha] (2)]
  1222 | D:2      | Slain by a cerulean imp

Illustrated notes

Levels and vault maps discovered:
D:1:      giann_forest_graveyard, layout_basic,
          ebering_ecumenical_altar_abandoned, supply_closet_lemuel
D:2:      layout_loops_corners, basic_altar, serial_shops, shop,
          hangedman_decor_push, chequers_serial_rivers_small_3, uniq_natasha,
          uniq_jessica

Skill      XL: |  1  2 |
---------------+-------+-----
Armour         | 1 |  1.6
Fighting       | 4 |  4.1
Axes           | |  4.9
Dodging        | |  2.9

Action                     |  1- 3 |  4- 6 || total
---------------------------+-------+-------++-------
  Melee: Hand axe          |    67 |    13 ||    80
 Armour: Robe              |    31 |    21 ||    52
  Dodge: Dodged            |    47 |    13 ||    60
